cohdb
Replays
Latest Replays
All Replays
Popular Replays
Top Player Replays
Match Explorer
How It Works
Community
CoH3 Stats
Reddit
Sign in to upload your games and track your stats! →
Sign in with Steam
Match 43142445
Unlisted
Match 43142445
Overview
Messages
Build Orders
End
Panzergrenadier Squad
Panzergrenadier Squad
Kradschützen Motorcycle Team
Panzergrenadier Squad
250 Light Carrier
Construct Light Support Kompanie
Panzerjäger Mechanized Group
Selects Panzerjäger Kommand Battlegroup
Selects Tank Busters
Selects Mine Fields
Construct Mechanized Kompanie
Fire Support Elements
2.5-tonne Medical Truck
Pak 38 Anti-tank Gun Team
Selects Defensive Positions
Veteran Squad Leaders
Construct Panzerarmee Kommand
2.5-tonne Medical Truck
Panzer III L Medium Tank
Selects Crew Shock Tactics
Tungsten Core Ammunition
Advanced Field Repairs
Panzerjäger Mechanized Group
Emergency Repair Kits
Selects Elefant Tank Destroyer
250 Light Carrier
Armored Reserves
Panzer IV Assault Group
Combat Half-tracks
2.5-tonne Medical Truck
Elefant Tank Destroyer
Crew Shock Tactics
Panzerjäger Squad
BlindDeafOrphan
XSniper040
woof_raff
Friendly Mouse(Poxie)
0
0
Comments
sign in to comment!
No comments posted yet!